 Dungeon Crawl Stone Soup version 0.30.0-29-ga12c61a403 (webtiles) character file.

Game seed: 15157305672448887235

17643 Graphine the Geomancer (level 12, -3/76 HPs)
             Began as a Gargoyle Earth Elementalist on June 22, 2023.
             Was an Initiate of Gozag.
             Slain by a dire elephant simulacrum (6 damage)
             ... in an ice cave.
             The game lasted 00:26:58 (9569 turns).

Graphine the Geomancer (GrEE)                       Turns: 9569, Time: 00:27:02

Health: -3/76      AC: 19    Str: 13    XL:     12   Next: 50%
Magic:  18/23      EV: 11    Int: 22    God:    Gozag
Gold:   1784       SH: 10    Dex: 10    Spells: 14/26 levels left

rFire   x . .        y - staff of earth "Qatoxt" {rElec rN+}
rCold   + + +        s - +0 kite shield {rC+}
rNeg    + + .        l - +0 leather armour {rC+}
rPois   ∞            (no helmet)
rElec   +            f - +2 cloak of the Game of Kings {+Inv Regen+ Str+2 Slay-5}
rCorr   .            (no gloves)
SInv    .            A - +2 pair of boots
Will    .....        i - amulet of magic regeneration
Stlth   ++           x - ring of wizardry
HPRegen 1.12/turn    G - ring of ice
MPRegen 0.58/turn

%: wizardry (x1)
@: no status effects
A: sickness immunity, AC +8, negative energy resistance 1, electricity
resistance, torment resistance 1, petrification resistance, MP-powered wands
a: Renounce Religion, Evoke Invisibility, Potion Petition, Call Merchant, Bribe
Branch


You were in an ice cave.
You worshipped Gozag.
Gozag was most pleased with you.
You visited 2 branches of the dungeon, and saw 11 of its levels.
You also visited: Bailey and Ice Cave.

You collected 2239 gold pieces.
You paid 455 gold pieces to Gozag.

Inventory:

Hand Weapons
 e - a +0 short sword of venom
Armour
 a - a +0 robe
 f - the +2 cloak of the Game of Kings (worn) {+Inv Regen+ Str+2 Slay-5}
   (You acquired it on level 1 of the Dungeon)

   Str:       It affects your strength (+2).
   Slay:      It affects your accuracy & damage with ranged weapons and melee
   (-5).
   +Inv:      It lets you turn invisible.
   Regen:     It increases your rate of health regeneration.
 l - a +0 leather armour of cold resistance (worn)
 o - a +2 buckler
 s - a +0 kite shield of cold resistance (worn)
 A - a +2 pair of boots (worn)
Magical Staves
 y - the staff of earth "Qatoxt" (weapon) {rElec rN+}
   (You acquired it in a bailey)

   [staff of earth]

   Base accuracy: +5 Base damage: 5 Base attack delay: 1.2 This weapon's minimum
   attack delay (0.6) is reached at skill level 12.
   rElec:     It insulates you from electricity.
   rN:        It protects you from negative energy.
   It falls into the 'Staves' category.
   It is a one-handed weapon.
Jewellery
 i - an amulet of magic regeneration (around neck)
 x - a ring of wizardry (left hand)
 F - the ring of Zerexaakh {EV+5 Int-4 Dex+5}
   (You found it on level 8 of the Dungeon)

   [ring of evasion]

   EV:        It affects your evasion (+5).
   Int:       It affects your intelligence (-4).
   Dex:       It affects your dexterity (+5).
 G - a ring of ice (right hand)
Wands
 k - a wand of quicksilver (9)
 v - a wand of flame (22)
 B - a wand of charming (8)
Scrolls
 m - 3 scrolls of amnesia
 n - 2 scrolls of silence
 t - a scroll of immolation
 D - a scroll of torment
 E - 2 scrolls of fog
 H - a scroll of magic mapping
Potions
 b - 5 potions of magic
 c - a potion of lignification
 d - 4 potions of degeneration
 g - 3 potions of resistance
 h - 2 potions of flight
 j - 3 potions of haste
 p - 3 potions of heal wounds
 q - 7 potions of mutation
 r - a potion of berserk rage {unknown}
 u - 2 potions of might {unknown}
 w - a potion of ambrosia {unknown}
 z - 3 potions of curing {unknown}
 C - 4 potions of brilliance {unknown}


   Skills:
 + Level 9.2 Fighting
 + Level 5.1 Staves
 + Level 9.0 Armour
 - Level 4.0 Dodging
 - Level 2.1 Stealth
 + Level 8.5 Shields
 + Level 7.9 Spellcasting
 - Level 0.7 Transmutations
 + Level 10.5 Earth Magic
 + Level 4.6 Evocations


You had 14 spell levels left.
You knew the following spells:

 Your Spells              Type           Power      Damage    Failure   Level
a - Sandblast             Erth           100%       2d20      1%          1
b - Passwall              Tmut/Erth      41%        N/A       1%          2
c - Stone Arrow           Conj/Erth      96%        3d13      3%          3
d - Blink                 Tloc           16%        N/A       16%         2
e - Petrify               Tmut/Erth      50%        N/A       10%         4

Your spell library contained the following spells:

 Spells                   Type           Power      Damage    Failure   Level
 Necrotise                Necr           32%        1d5       10%         1
 Lesser Beckoning         Tloc           16%        N/A       16%         2
 Momentum Strike          Conj/Tloc      16%        3d8       16%         2
 Static Discharge         Conj/Air       16%        2-3/arc   16%         2
 Portal Projectile        Hex/Tloc       16%        N/A       28%         3
 Tukima's Dance           Hex            8%         N/A       28%         3
 Vampiric Draining        Necr           8%         2d6       28%         3
 Airstrike                Air            4%         2d(1-17)  65%         4
 Manifold Assault         Tloc           8%         N/A       65%         4
 Summon Lightning Spire   Summ/Air       8%         N/A       65%         4
 Blade Hands              Tmut           5%         N/A       86%         5
 Agony                    Necr           8%         N/A       92%         5
 Summon Forest            Summ/Tloc      4%         N/A       92%         5
 Eringya's Noxious Bog    Tmut/Pois      5%         N/A       100%        6
 Storm Form               Tmut/Air       5%         N/A       100%        7
 Summon Hydra             Summ           4%         N/A       100%        7


Dungeon Overview and Level Annotations

Branches:
Dungeon (9/15)             Temple (0/1) D:4            Lair (2/5) D:8
 Spider (0/4) Lair:2       Bailey (visited)           IceCv (1/1)
  Swamp: Lair:2-3    Shoals: Lair:2-3       Orc: D:9-12

Altars:
Dithmenos
Elyvilon
Gozag
Kikubaaqudgha
Okawaru
Trog
Uskayaw
Vehumet
Wu Jian
Xom
The Shining One


Innate Abilities, Weirdness & Mutations

You are immune to sickness and miasma.
Your stone body is resilient. (AC +8)
You are immune to poison.
You resist negative energy. (rN+)
You are resistant to electric shocks. (rElec)
You are resistant to unholy torment.
You are immune to petrification.
You expend magic power (3 MP) to strengthen your wands.


Message History

The dire elephant simulacrum tramples you!
You hold your ground!
The dire elephant simulacrum trunk-slaps you.
The dire elephant simulacrum freezes you.
You resist.
You hit the dire elephant simulacrum but do no damage.
You shatter the dire elephant simulacrum.
The dire elephant simulacrum is lightly damaged.
The dire elephant simulacrum tramples you.
You hold your ground!
The dire elephant simulacrum trunk-slaps you.
The dire elephant simulacrum freezes you.
You resist.
Casting: Sandblast (safe; 1% risk of failure)
Confirm with . or Enter, or press ? or * to list all spells.
Aiming: Stone Arrow (dangerous; 3% risk of failure)
Press: ? - help, Shift-Dir - straight line, f - dire elephant simulacrum
Aim: a dire elephant simulacrum (lightly damaged, 100% to hit)
You feel a surge of power!
The stone arrow hits the dire elephant simulacrum!
The dire elephant simulacrum is moderately damaged.
The dire elephant simulacrum tramples you but does no damage.
You block the dire elephant simulacrum's attack.
Casting: Stone Arrow (dangerous; 3% risk of failure)
Confirm with . or Enter, or press ? or * to list all spells.
Aiming: Stone Arrow (dangerous; 3% risk of failure)
Press: ? - help, Shift-Dir - straight line, f/p - dire elephant simulacrum
Aim: a dire elephant simulacrum (moderately damaged, 100% to hit)
You feel a surge of power!
The stone arrow hits the dire elephant simulacrum!!
The dire elephant simulacrum is severely damaged.
The dire elephant simulacrum tramples you!!
* * * LOW HITPOINT WARNING * * *
You hold your ground!
The dire elephant simulacrum trunk-slaps you.
* * * LOW HITPOINT WARNING * * *
The dire elephant simulacrum freezes you.
You resist.
You die...
Your body crumbles into a pile of gold.

...##.....###..#
##...#
#.......###..##
#####
#........###..#
## ##.......#
#..## ##.
##......# ##..#
##.. #...$..##
##.####...
##..8#..#
#..##...#
#(Z###$.#
##..#..## #.@#
##..# #.....#
#### .## ##...##
## ##### ##.##
...## #
...#.####
#4Z4Z...#
#.44ZZ...
##8ZZ...8


You could see a dire elephant simulacrum.

Vanquished Creatures
  Fannar (Lair:2)
  A catoblepas (Lair:1)
  A dancing weapon (D:7)
  The ghost of aeroqp the Grappler, a novice NaTm of Cheibriados (D:7)
  Pikel (D:6)
  A cyclops (D:8)
  2 ugly things
  A black mamba (Lair:2)
  A cane toad (Lair:2)
  3 freezing wraiths (IceCv)
  3 rime drakes
  2 komodo dragons (Lair:2)
  An anaconda simulacrum (IceCv)
  2 ice devils (IceCv)
  A troll (D:6)
  2 wyverns (Lair:2)
  24 yaks
  Eustachio (D:5)
  2 steam dragons (D:8)
  A vampire mosquito (D:8)
  A basilisk (D:8)
  A death yak simulacrum (IceCv)
  A harpy simulacrum (IceCv)
  14 water moccasins
  A hydra simulacrum (IceCv)
  A sky beast (D:8)
  3 orc warriors
  2 ogres
  4 black bears
  4 wolves (Lair:2)
  2 centaurs (D:8)
  The ghost of MrAu the Shooter, an amateur TeHu (D:4)
  A kobold brigand (D:8)
  6 bullfrogs
  A necrophage (D:4)
  2 scorpions
  A wyvern zombie (D:4)
  11 wights
  2 killer bees (D:8)
  An elephant simulacrum (IceCv)
  2 howler monkeys
  A bullfrog zombie (D:4)
  A centaur zombie (D:4)
  An orc priest (D:4)
  2 jellies
  3 hounds (D:6)
  2 iguanas
  9 orc wizards
  A spriggan simulacrum (IceCv)
  2 polar bear simulacra (IceCv)
  6 wolf simulacra (IceCv)
  12 gnolls (Bailey)
  10 adders
  A shadow imp (D:6)
  3 white imps
  5 ufetubi
  A worm (D:4)
  5 dart slugs
  38 orcs
  6 ball pythons
  6 bats
  6 endoplasms
  3 giant cockroaches
  8 goblins
  12 hobgoblins
  13 kobolds
  2 quokkas
  8 frilled lizards
  5 rats
286 creatures vanquished.

Vanquished Creatures (others)
  A butterfly (D:7)
1 creature vanquished.

Grand Total: 287 creatures vanquished

Notes
Turn   | Place    | Note
-------+----------+-------------------------------------------
     0 | D:1      | Graphine the Gargoyle Earth Elementalist began the quest
                  | for the Orb.
     0 | D:1      | Reached XP level 1. HP: 10/10 MP: 3/3
    79 | D:1      | Reached XP level 2. HP: 9/16 MP: 0/5
   401 | D:1      | Learned a level 2 spell: Passwall
   441 | D:1      | Found a faded altar of an unknown god.
   686 | D:1      | Reached skill level 1 in Fighting
   686 | D:1      | Reached skill level 1 in Armour
   785 | D:1      | Reached XP level 3. HP: 20/20 MP: 4/6
  1090 | D:1      | Identified a scroll of acquirement
  1090 | D:1      | Acquired the +2 cloak of the Game of Kings {+Inv Regen+
                  | Str+2 Slay-5}
  1146 | D:2      | Reached skill level 4 in Earth Magic
  1610 | D:2      | Reached XP level 4. HP: 25/25 MP: 5/7
  2193 | D:3      | Learned a level 3 spell: Stone Arrow
  2230 | D:3      | Learned a level 2 spell: Blink
  2410 | D:3      | Found a bloodstained altar of Trog.
  2466 | D:3      | Found a faded altar of an unknown god.
  2470 | D:3      | Found a hide-covered altar of Uskayaw.
  2567 | D:3      | Reached XP level 5. HP: 30/30 MP: 9/9
  2980 | D:3      | Gained mutation: You sometimes lose your temper in combat.
                  | [potion of mutation]
  2980 | D:3      | Gained mutation: You are clumsy. (Dex -2) [potion of
                  | mutation]
  2980 | D:3      | Gained mutation: You are very clumsy. (Dex -4) [potion of
                  | mutation]
  2981 | D:3      | Lost mutation: You are very clumsy. (Dex -4) [potion of
                  | mutation]
  2981 | D:3      | Lost mutation: You sometimes lose your temper in combat.
                  | [potion of mutation]
  2981 | D:3      | Gained mutation: You expend magic power (3 MP) to
                  | strengthen your wands. [potion of mutation]
  2981 | D:3      | Lost mutation: You are clumsy. (Dex -2) [potion of
                  | mutation]
  3080 | D:4      | Reached XP level 6. HP: 36/36 MP: 8/10
  3084 | D:4      | Found a staircase to the Ecumenical Temple.
  3305 | D:4      | Found an ancient bone altar of Kikubaaqudgha.
  3363 | D:4      | Found an opulent altar of Gozag.
  3395 | D:4      | Reached skill level 5 in Earth Magic
  3405 | D:4      | Became a worshipper of Gozag Ym Sagoz the Greedy
  3461 | D:4      | Found a transporter.
  3482 | D:4      | Found a transporter.
  3485 | D:4      | Noticed MrAu's ghost (amateur TeHu)
  3717 | D:4      | Reached skill level 1 in Shields
  3717 | D:4      | Reached XP level 7. HP: 34/41 MP: 9/12
  3721 | D:4      | Killed MrAu's ghost
  3776 | D:5      | Entered Level 5 of the Dungeon
  3873 | D:5      | Found an iron altar of Okawaru.
  3908 | D:5      | Noticed Eustachio
  3916 | D:5      | Killed Eustachio
  3917 | D:5      | Reached XP level 8. HP: 48/48 MP: 10/13
  4395 | D:5      | Noticed a yak
  4395 | D:5      | Noticed a yak
  4395 | D:5      | Noticed a yak
  4398 | D:5      | Reached skill level 6 in Earth Magic
  4398 | D:5      | Noticed a yak
  4414 | D:5      | Killed a yak
  4415 | D:5      | Noticed a yak
  4421 | D:5      | Killed a yak
  4425 | D:5      | Killed a yak
  4429 | D:5      | Reached skill level 5 in Fighting
  4429 | D:5      | Reached XP level 9. HP: 7/54 MP: 6/16
  4430 | D:5      | Reached skill level 5 in Armour
  4451 | D:5      | Reached skill level 7 in Earth Magic
  4460 | D:5      | Reached skill level 5 in Spellcasting
  4546 | D:5      | Found a shadowy altar of Dithmenos.
  4709 | D:5      | Found a glowing golden altar of the Shining One.
  4987 | D:6      | Noticed a troll
  4992 | D:6      | Killed a troll
  4993 | D:6      | Reached skill level 5 in Shields
  5038 | D:6      | Noticed Pikel
  5043 | D:6      | Killed Pikel
  5193 | D:6      | Reached skill level 8 in Earth Magic
  5193 | D:6      | Reached XP level 10. HP: 61/61 MP: 16/18
  5636 | D:6      | Found a radiant altar of Vehumet.
  5885 | D:7      | Found a flagged portal.
  5923 | Bailey   | Entered a bailey
  6334 | Bailey   | Acquired the staff of earth "Qatoxt" {rElec rN+}
  6351 | D:7      | Found a white marble altar of Elyvilon.
  6422 | D:7      | Found a runed translucent door.
  6423 | D:7      | Found a shimmering altar of Xom.
  6423 | D:7      | Noticed aeroqp's ghost (novice NaTm)
  6423 | D:7      | Noticed a +0 falchion of chaos
  6431 | D:7      | Killed a +0 falchion of chaos
  6432 | D:7      | Reached skill level 1 in Staves
  6432 | D:7      | Reached skill level 1 in Evocations
  6443 | D:7      | Killed aeroqp's ghost
  6889 | D:8      | Found a staircase to the Lair.
  7080 | D:8      | Noticed a red ugly thing
  7084 | D:8      | Reached skill level 9 in Earth Magic
  7107 | D:8      | Reached XP level 11. HP: 43/67 MP: 1/21
  7115 | D:8      | Killed a red ugly thing
  7143 | D:8      | Noticed a cyclops
  7150 | D:8      | Killed a cyclops
  7204 | D:8      | Identified the ring of Zerexaakh {EV+5 Int-4 Dex+5}
  7330 | D:8      | Found an ornate altar of the Wu Jian Council.
  7404 | Lair:1   | Entered Level 1 of the Lair of Beasts
  7645 | Lair:1   | Learned a level 4 spell: Petrify
  7655 | Lair:1   | Identified the +0 robe of the Wasteland {rElec}
  7807 | Lair:1   | Noticed a catoblepas
  7816 | Lair:1   | Killed a catoblepas
  8716 | Lair:2   | Found a hole to the Spider Nest.
  8783 | Lair:2   | Noticed Fannar
  8788 | Lair:2   | Killed Fannar
  8792 | Lair:2   | Reached skill level 10 in Earth Magic
  8887 | Lair:2   | Identified the +8 quarterstaff of the Pit {pain, Str+4}
  8909 | Lair:2   | Reached XP level 12. HP: 66/75 MP: 19/23
  9233 | Lair:2   | Found a frozen archway.
  9256 | IceCv    | Entered an ice cave
  9430 | IceCv    | Found an ancient bone altar of Kikubaaqudgha.
  9431 | IceCv    | Reached skill level 5 in Staves
  9569 | IceCv    | HP: 3/76 [dire elephant simulacrum (1)]
  9569 | IceCv    | Slain by a dire elephant simulacrum

Illustrated notes

Levels and vault maps discovered:
D:1:      dpeg_arrival_simpleton_c, layout_loops_corners,
          ebering_ecumenical_altar_hall
D:2:      layout_loops_ring
D:3:      layout_basic, nicolae_overflow_ecumenical_swirl,
          trog_three_pillars_becter, chequers_jeans
D:4:      layout_basic, nicolae_gozag_cash_rules_everything_around_me,
          mainiacjoe_overflow_six_doors_small, minmay_temple_entry_from_below_a,
          gammafunk_ghost_mausoleum
D:5:      layout_loops_corners, okawaru_trees_1,
          nicolae_dithmenos_through_a_glass_darkly,
          nicolae_tso_swordbearing_angel, uniq_eustachio
D:6:      minmay_angry_zag, layout_basic, mainiacjoe_overflow_alcove_4,
          uniq_pikel
D:7:      layout_gridville, nicolae_elyvilon_peaceful_grove, enter_bailey_3,
          ebering_ghost_xom
D:8:      layout_rooms, nzn_wu_jian_council_hall, lair_entry_dummy,
          minivault_22, minmay_pinched_square
D:9:      layout_small_grid
Lair:1:   layout_layer_cave, gauntlet_entry_generic,
          pdpol_lair_neglected_garden, beast_lair_carwin_9, grunt_megastairs_2
Lair:2:   layout_cave_pods, minmay_swamp_entry_worms, dummy_spider_entry,
          portal_ice_cave_rime, infiniplex_staircase_pool_2,
          serial_bayou_shore_a, uniq_fannar
IceCv:    ice_cave_small_necro

Skill      XL: |  1  2  3  4  5  6  7  8  9 10 11 12 |
---------------+-------------------------------------+-----
Fighting       | 1 2 3 5 6 7 8 9 |  9.2
Armour         | 1 2 3 4 6 7 8 9 |  9.0
Earth Magic    | 4 5 6 8 9 10 | 10.5
Dodging        | 2 3 4 |  4.0
Spellcasting   | 3 4 5 6 7 |  7.9
Shields        | 1 2 3 5 6 8 |  8.5
Staves         | 2 4 5 |  5.1
Evocations     | 2 3 4 |  4.6
Stealth        | |  2.1
Transmutations | |  0.7

Action                     |  1- 3 |  4- 6 |  7- 9 | 10-12 || total
---------------------------+-------+-------+-------+-------++-------
  Melee: Short sword       |    21 |       |    19 |       ||    40
         Staff             |       |       |       |    59 ||    59
   Cast: Sandblast         |    45 |    94 |   110 |   257 ||   506
         Stone Arrow       |       |       |    21 |   111 ||   132
         Petrify           |       |       |       |     2 ||     2
 Invoke: Potion Petition   |       |       |     1 |       ||     1
  Evoke: Wand              |       |       |     1 |       ||     1
    Use: Scroll            |     2 |     4 |     3 |    12 ||    21
         Potion            |       |     2 |       |     4 ||     6
   Stab: Petrified         |       |       |       |    12 ||    12
         Petrifying        |       |       |       |     2 ||     2
 Armour: Robe              |    12 |     1 |       |       ||    13
         Leather armour    |       |    13 |    39 |   147 ||   199
  Dodge: Dodged            |    18 |    18 |    38 |   154 ||   228
  Block: Buckler           |       |     2 |    35 |   111 ||   148
         Kite shield       |       |       |       |     1 ||     1
